 Dungeon Crawl Stone Soup version 0.29.1-2-gbd0b4ee654 (webtiles) character file.

Game seed: 12106184103332639074

16 styxcanada the Sneak (level 2, -2/15 HPs)
             Began as a Spriggan Brigand on Nov 21, 2022.
             Slain by a quokka (4 damage)
             ... on level 2 of the Dungeon.
             The game lasted 00:02:25 (1087 turns).

styxcanada the Sneak (Spriggan Brigand)             Turns: 1087, Time: 00:02:25

Health: -2/15      AC:  3    Str:  7    XL:     2   Next: 37%
Magic:  3/3        EV: 17    Int: 12    God:
Gold:   56         SH:  0    Dex: 16    Spells: 1/1 levels left

rFire   . . .      SeeInvis +   a - +2 dagger
rCold   . . .      Faith    .   (no shield)
rNeg    . . .      Spirit   .   b - +0 robe
rPois   .          Reflect  .   (helmet restricted)
rElec   .          Harm     .   c - +0 cloak
rCorr   .          Rampage  .   (gloves unavailable)
Will    .....                   (boots unavailable)
Stlth   +++.......              (no amulet)
HPRegen 0.05/turn               (no ring)
MPRegen 0.08/turn               (no ring)

@: very quick
A: very small, no large weapons, unfitting armour, see invisible, speed 3
a: no special abilities


You were on level 2 of the Dungeon.
You visited 1 branch of the dungeon, and saw 2 of its levels.

You collected 56 gold pieces.

Inventory:

Hand Weapons
 a - a +2 dagger (weapon)
 g - a +0 sling
Missiles
 d - 8 poisoned darts (quivered)
 e - 3 curare-tipped darts
 h - 21 stones
Armour
 b - a +0 robe (worn)
 c - a +0 cloak (worn)
Scrolls
 f - a scroll of vulnerability {unknown}
 j - a scroll of enchant weapon {unknown}
Potions
 i - 2 potions of attraction {unknown}
 k - a potion of flight {unknown}
 l - a potion of curing {unknown}


   Skills:
 * Level 1.7 Fighting
 + Level 2.1 Short Blades
 + Level 2.0 Throwing
 * Level 2.0 Dodging
 * Level 6.5 Stealth


You had one spell level left.
You didn't know any spells.
Your spell library was empty.

Dungeon Overview and Level Annotations

Branches:
Dungeon (2/15)

Altars:


Innate Abilities, Weirdness & Mutations

You are very small and have problems with some larger weapons.
You are too small for most types of armour.
You have supernaturally acute eyesight. (SInv)
You cover ground extremely quickly. (Speed+++)


Message History

You see here 8 gold pieces.
You hit the endoplasm but do no damage. The endoplasm freezes you.
You are frozen.
You hit the endoplasm.
The endoplasm is almost dead.
The endoplasm freezes you.
You are frozen.
You barely miss the endoplasm.
The endoplasm is almost dead.
The endoplasm completely misses you.
You hit the endoplasm.
The endoplasm is almost dead.
The endoplasm barely misses you.
You barely miss the endoplasm.
The endoplasm is almost dead.
The quokka bites you.
You hit the endoplasm.
You kill the endoplasm!
The quokka barely misses you.
You hit the quokka.
The quokka is heavily wounded.
The quokka bites you but does no damage.
You closely miss the quokka.
The quokka is heavily wounded.
The quokka closely misses you.
You closely miss the quokka.
The quokka is heavily wounded.
The quokka closely misses you.
You closely miss the quokka.
The quokka is heavily wounded.
The bat closely misses you. The quokka misses you. The quokka bites you.
You hit the quokka.
The quokka is severely wounded.
The bat barely misses you. The quokka bites you.
* * * LOW HITPOINT WARNING * * *
You hit the bat.
You kill the bat!
The quokka bites you.
You die...

#... #
..#...#.
.#...#.
.###.....#####
.............#
......♣......#
.............#
#...r.###
+#.†@#'.##
#...#...#
#...##.<#
#....#####
.....## ......
.......
.......


You could see a quokka.

Vanquished Creatures
  A dart slug (D:1)
  3 endoplasms
  A giant cockroach (D:1)
  A hobgoblin (D:1)
  4 bats
  2 frilled lizards (D:1)
  3 rats (D:1)
15 creatures vanquished.

Notes
Turn   | Place    | Note
-------+----------+-------------------------------------------
     0 | D:1      | styxcanada the Spriggan Brigand began the quest for the
                  | Orb.
     0 | D:1      | Reached XP level 1. HP: 10/10 MP: 2/2
    46 | D:1      | Reached skill level 6 in Stealth
   477 | D:1      | Reached XP level 2. HP: 9/14 MP: 3/3
  1087 | D:2      | Slain by a quokka

Illustrated notes

Levels and vault maps discovered:
D:1:      reono_arrival_mine, layout_basic
D:2:      layout_basic, grunt_ministairs_6

Skill      XL: |  1 |
---------------+----+-----
Stealth        | 6 |  6.5
Dodging        | 2 |  2.0
Fighting       | |  1.7
Short Blades   | |  2.1
Throwing       | |  2.0

Action                   || total
-------------------------++-------
Melee: Dagger            ||    46
Throw: Dart              ||     1
 Stab: Sleeping          ||     3
Armor: Robe              ||     8
Dodge: Dodged            ||    37
